 Dungeon Crawl Stone Soup version 0.30-a0-339-g89bb51ec76 (webtiles) character file.

Game seed: 15561122337911843804

3274 bande the Cleaver (level 10, -4/61 HPs)
             Began as a Gargoyle Fighter on Nov 1, 2022.
             Slain by a two-headed ogre
             ... wielding a +0 giant club
              (14 damage)
             ... on level 8 of the Dungeon.
             The game lasted 00:15:49 (8399 turns).

bande the Cleaver (Gargoyle Fighter)                Turns: 8399, Time: 00:15:50

Health: -4/61      AC: 34    Str: 16    XL:     10   Next: 0%
Magic:  10/10      EV:  5    Int:  7    God:
Gold:   515        SH: 16    Dex: 17    Spells: 8/9 levels left

rFire   + + .      SeeInvis .    a - +1 war axe (protect)
rCold   . . .      Faith    .    x - +0 kite shield
rNeg    + + +      Spirit   .    h - +3 chain mail of Disaster {rN+++ Str-4 Int-2 Stlth+}
rPois   ∞          Reflect  +    (no helmet)
rElec   +          Harm     .    o - +0 cloak
rCorr   .          Rampage  .    k - +0 pair of gloves
Will    .....                    (no boots)
Stlth   ..........               g - amulet of reflection
HPRegen 0.30/turn                e - ring of protection from fire
MPRegen 0.12/turn                w - ring "Hietzugef" {rF+ AC+4 Dex+4}

@: under a protective aura
A: sickness immunity, AC +7, negative energy resistance 1, electricity
resistance, torment resistance 1, petrification resistance
a: no special abilities


You were on level 8 of the Dungeon.
You visited 2 branches of the dungeon, and saw 9 of its levels.
You also visited: Sewer.

You collected 515 gold pieces.

Inventory:

Hand Weapons
 a - a +1 war axe of protection (weapon)
 b - a +3 war axe
 c - a +4 flail
Missiles
 t - 3 throwing nets (quivered)
Armour
 h - the +3 chain mail of Disaster (worn) {rN+++ Str-4 Int-2 Stlth+}
   (You found it on level 2 of the Dungeon)

   Str:       It affects your strength (-4).
   Int:       It affects your intelligence (-2).
   rN:        It renders you almost immune to negative energy.
   Stlth:     It makes you more stealthy.
 k - a +0 pair of gloves (worn)
 o - a +0 cloak (worn)
 x - a +0 kite shield (worn)
Jewellery
 e - a ring of protection from fire (left hand)
 g - an amulet of reflection (around neck)
 v - a ring of ice
 w - the ring "Hietzugef" (right hand) {rF+ AC+4 Dex+4}
   (You acquired it on level 4 of the Dungeon)

   [ring of protection]

   AC:        It affects your AC (+4).
   Dex:       It affects your dexterity (+4).
   rF:        It protects you from fire.
Wands
 y - a wand of flame (11)
 E - a wand of charming (8)
Scrolls
 m - a scroll of brand weapon
 n - a scroll of amnesia
 p - 2 scrolls of poison
 r - a scroll of butterflies
 u - 3 scrolls of identify
 z - 3 scrolls of teleportation
 A - 3 scrolls of blinking
 B - a scroll of summoning
Potions
 d - 2 potions of might
 f - 2 potions of attraction {unknown}
 i - 2 potions of cancellation
 j - 3 potions of resistance
 l - 2 potions of curing
 q - 2 potions of ambrosia {unknown}
 s - a potion of mutation {unknown}
 C - 3 potions of haste {unknown}
 D - 3 potions of heal wounds {unknown}
 F - a potion of brilliance {unknown}


   Skills:
 + Level 6.4 Fighting
 + Level 8.7 Axes
 + Level 6.3 Armour
 + Level 7.5 Shields
 * Level 1.1 Translocations
 * Level 2.9 Evocations


You had 8 spell levels left.
You knew the following spells:

 Your Spells              Type           Power      Damage    Failure   Level
a - Apportation           Tloc           2%         N/A       100%        1

Your spell library contained the following spells:

 Spells                   Type           Power      Damage    Failure   Level
 Sandblast                Erth           0%         2d4       100%        1
 Slow                     Hex            0%         N/A       100%        1
 Passwall                 Tmut/Erth      0%         N/A       100%        2
 Confusing Touch          Hex            0%         N/A       100%        3
 Stone Arrow              Conj/Erth      0%         3d7       100%        3
 Vampiric Draining        Necr           0%         2d6       100%        3
 Alistair's Intoxication  Tmut/Pois      0%         N/A       100%        5


Dungeon Overview and Level Annotations

Branches:
Dungeon (8/15)             Temple (1/1) D:5           Sewer (visited)
   Lair: D:8-11

Altars:
Ashenzari
Cheibriados
Dithmenos
Elyvilon
Fedhas
Gozag
Hepliaklqana
Kikubaaqudgha
Makhleb
Qazlal
Ru
Sif Muna
Trog
Uskayaw
Vehumet
Wu Jian
Xom
Yredelemnul
Zin
The Shining One


Innate Abilities, Weirdness & Mutations

You are immune to sickness and miasma.
Your stone body is resilient. (AC +7)
You are immune to poison.
You resist negative energy. (rN+)
You are resistant to electric shocks. (rElec)
You are resistant to unholy torment.
You are immune to petrification.


Message History

The two-headed ogre is lightly wounded.
You hit the efreet but do no damage.
Your weapon exudes an aura of protection.
You block the two-headed ogre's attack. x2; You block the efreet's attack.
You closely miss the two-headed ogre.
The two-headed ogre is lightly wounded.
You hit the efreet but do no damage. The efreet gestures at you.
The bolt of fire hits you. You resist. You block the two-headed ogre's attack.
The two-headed ogre hits you but does no damage.
You slash the two-headed ogre!
The two-headed ogre is moderately wounded.
You barely miss the efreet. You block the efreet's attack.
The two-headed ogre hits you but does no damage. x2
You block the efreet's attack.
You slash the two-headed ogre!
The two-headed ogre is heavily wounded.
You barely miss the efreet. You block the efreet's attack.
You closely miss the two-headed ogre.
The two-headed ogre is heavily wounded.
You hit the efreet but do no damage.
The two-headed ogre hits you but does no damage.
The two-headed ogre hits you with a +0 giant club!
The efreet hits you but does no damage.
You hit the two-headed ogre.
The two-headed ogre is heavily wounded.
You hit the efreet but do no damage.
The two-headed ogre hits you with a +0 giant club!
You block the two-headed ogre's attack. You block the efreet's attack.
You are too injured to fight recklessly!
Unknown command.
You hit the efreet but do no damage. You hit the two-headed ogre.
The efreet hits you but does no damage.
The two-headed ogre hits you with a +0 giant club!!
* * * LOW HITPOINT WARNING * * *
You block the two-headed ogre's attack.
You barely miss the efreet. You barely miss the two-headed ogre.
You block the efreet's attack.
The two-headed ogre hits you with a +0 giant club!
You die...

#
################.#
................
...........##.#
##....O##.....#
......R@...##.#
##..#..##..#..#
#..#..##..#
...##..#...# #...
..##...#
##.##..#..#.# #[
..##..#.#
###..#..##.#
##..#..#


You could see a two-headed ogre and an efreet.

Vanquished Creatures
  A komodo dragon (D:7)
  Sigmund (D:4)
  A vampire mosquito (D:8)
  An ice beast (D:6)
  2 ogres
  A centaur (D:6)
  2 kobold brigands
  A phantom (D:7)
  2 bullfrogs (Sewer)
  2 scorpions
  9 wights (D:6)
  2 howler monkeys
  5 hounds
  2 jellies (D:6)
  Crazy Yiuf (D:2)
  2 orc priests
  2 gnoll boudas
  4 iguanas
  Natasha (thrice) (D:3)
  5 orc wizards
  29 gnolls
  17 adders
  6 river rats (Sewer)
  A shadow imp (D:5)
  3 white imps
  An ufetubus (D:6)
  4 worms
  2 dart slugs (D:1)
  38 orcs
  4 endoplasms
  5 giant cockroaches
  5 goblins
  7 hobgoblins
  16 jackals
  6 quokkas
  15 ball pythons
  7 bats
  6 frilled lizards
  11 kobolds
  24 rats
256 creatures vanquished.

Vanquished Creatures (others)
  5 plants (D:3)
5 creatures vanquished.

Grand Total: 261 creatures vanquished

Notes
Turn   | Place    | Note
-------+----------+-------------------------------------------
     0 | D:1      | bande the Gargoyle Fighter began the quest for the Orb.
     0 | D:1      | Reached XP level 1. HP: 14/14 MP: 1/1
   147 | D:1      | Reached XP level 2. HP: 18/19 MP: 2/2
   212 | D:1      | Reached skill level 2 in Axes
   571 | D:1      | Reached XP level 3. HP: 24/24 MP: 3/3
  1155 | D:2      | Identified the +3 chain mail of Disaster {rN+++ Str-4 Int-2
                  | Stlth+}
  1366 | D:2      | Found a runed translucent door.
  1367 | D:2      | Noticed Crazy Yiuf
  1378 | D:2      | Killed Crazy Yiuf
  1379 | D:2      | Reached XP level 4. HP: 26/29 MP: 4/4
  1471 | D:2      | Reached skill level 3 in Axes
  1608 | D:3      | Reached XP level 5. HP: 33/33 MP: 5/5
  1829 | D:3      | Identified the +9 dagger "Tekoojo" {protect, rElec Str+3
                  | Dex-3}
  1869 | D:3      | Noticed Natasha
  1876 | D:3      | Killed Natasha
  2133 | D:3      | Reached XP level 6. HP: 37/38 MP: 6/6
  2162 | D:3      | Reached skill level 4 in Axes
  2362 | D:3      | Found a blossoming altar of Fedhas.
  2512 | D:3      | Noticed Natasha
  2532 | D:3      | Killed Natasha
  2547 | D:3      | Noticed Natasha
  2562 | D:3      | Killed Natasha
  2805 | D:3      | Reached XP level 7. HP: 15/44 MP: 7/7
  2816 | D:3      | Reached skill level 5 in Axes
  3398 | D:3      | Reached skill level 5 in Shields
  3432 | D:4      | Found a radiant altar of Vehumet.
  3442 | D:4      | HP: 1/44 [orc wizard/magic dart (7)]
  3681 | D:4      | Noticed Sigmund
  3701 | D:4      | Killed Sigmund
  3702 | D:4      | Reached skill level 5 in Fighting
  3702 | D:4      | Reached skill level 6 in Axes
  3702 | D:4      | Reached skill level 5 in Armour
  3702 | D:4      | Reached XP level 8. HP: 49/49 MP: 8/8
  3707 | D:4      | Found a white marble altar of Elyvilon.
  3932 | D:4      | Found a glowing drain.
  3941 | Sewer    | Entered a sewer
  4722 | D:4      | Identified a scroll of acquirement
  4722 | D:4      | Acquired the ring "Hietzugef" {rF+ AC+4 Dex+4}
  4786 | D:4      | Found a glowing silver altar of Zin.
  4795 | D:4      | Found a bloodstained altar of Trog.
  4920 | D:4      | Found a shimmering blue altar of Sif Muna.
  4962 | D:5      | Entered Level 5 of the Dungeon
  5007 | D:5      | Found a staircase to the Ecumenical Temple.
  5011 | D:5      | Reached skill level 7 in Axes
  5023 | Temple   | Entered the Ecumenical Temple
  5646 | D:5      | Found a shadowy altar of Dithmenos.
  5987 | D:6      | Reached XP level 9. HP: 45/55 MP: 9/9
  6177 | D:6      | Reached skill level 1 in Evocations
  6439 | D:6      | Reached skill level 8 in Axes
  6737 | D:6      | Identified the +9 mace of Jorhes {vorpal, Contam rN++ SInv}
  7557 | D:7      | Noticed a komodo dragon
  7560 | D:7      | Learned a level 1 spell: Apportation
  7572 | D:7      | Killed a komodo dragon
  8358 | D:8      | Reached skill level 1 in Translocations
  8358 | D:8      | Reached XP level 10. HP: 61/61 MP: 10/10
  8388 | D:8      | Noticed a two-headed ogre
  8399 | D:8      | Slain by a two-headed ogre

Illustrated notes

Levels and vault maps discovered:
D:1:      spicycebolla_arrival_clurvy, layout_basic
D:2:      layout_basic, uniq_crazy_yiuf_cottage
D:3:      lemuel_castle_with_subvaults [lemuel_castle_interior_carwin_1],
          layout_rooms, fedhas_ov_isle_minmay, minmay_box_of_dots, uniq_natasha
D:4:      layout_rooms, elyvilon_altar_4, mainiacjoe_overflow_large_starburst,
          mainiacjoe_overflow_concentric_impassable, marbit_many_paths,
          gup_sewer_entry_bubbles, serial_glass, glass_columns_b,
          glass_columns_a, glass_columns_a, glass_columns_c, item_on_display_a,
          item_on_display_a, due_unseen_surprise, item_on_display_a,
          uniq_sigmund
D:5:      layout_basic, grunt_dithmenos_shadows, minmay_temple_entry_steel_oval
D:6:      layout_gridville
D:7:      layout_basic
D:8:      minmay_tri_box, layout_loops_corners
Temple:   nicolae_temple_figure_eight

Skill      XL: |  1  2  3  4  5  6  7  8  9 |
---------------+----------------------------+-----
Axes           | 2 3 4 6 7 8 |  8.7
Armour         | 4 5 6 |  6.3
Fighting       | 4 5 6 |  6.4
Shields        | 4 5 6 7 |  7.5
Evocations     | 2 |  2.9
Translocations | 1 |  1.1

Action                   |  1- 3 |  4- 6 |  7- 9 | 10-12 || total
-------------------------+-------+-------+-------+-------++-------
Melee: War axe           |   117 |   240 |   556 |     9 ||   922
  Use: Scroll            |     8 |       |     8 |       ||    16
       Potion            |       |       |     3 |       ||     3
Armor: Scale mail        |    69 |       |       |       ||    69
       Chain mail        |     2 |   207 |   442 |     6 ||   657
Dodge: Dodged            |    62 |    86 |   153 |       ||   301
Block: Buckler           |    27 |   173 |   222 |       ||   422
       Reflection        |       |     3 |     5 |       ||     8
       Kite shield       |       |       |   207 |    12 ||   219

Table legend: (Time is in decaauts)
 A = Elapsed time spent in this place.
 B = Non-inter-level travel time spent in this place.
 C = Inter-level travel time spent in this place.
 D = Time resting spent in this place.
 E = Time spent auto-exploring this place.
 F = Levels seen in this place.
 G = Mean time per level.
                   A        B        C        D        E       F      G
               +--------+--------+--------+--------+--------+-----+--------+
         Total |   8756 |   8624 |    132 |   1257 |   4852 |  10 |  875.6 |
       Dungeon |   7656 |   7524 |    132 |    842 |   4406 |   8 |  957.0 |
        Temple |    314 |    314 |      0 |      0 |    278 |   1 |  314.0 |
         Sewer |    785 |    785 |      0 |    415 |    168 |   1 |  785.0 |
               +--------+--------+--------+--------+--------+-----+--------+

Top non-repeatable levels by time:
     D:3: 1774 daAuts
     D:7: 1370 daAuts
     D:6: 978 daAuts
     D:2: 950 daAuts
     D:4: 886 daAuts
     D:1: 857 daAuts
   Sewer: 785 daAuts
     D:5: 708 daAuts
  Temple: 314 daAuts
     D:8: 130 daAuts
